 Dungeon Crawl Stone Soup version 0.30.0-5-g1a98f26d00 (webtiles) character file.

Game seed: 5053674587576809257

14301 juan097 the Peltast (level 11, -9/94 HPs)
             Began as a Minotaur Fighter on May 11, 2023.
             Was the Champion of Okawaru.
             Collided with a rock wall (16 damage)
             ... caused by a wind drake (shapeshifter)
             ... on level 9 of the Dungeon.
             The game lasted 00:23:58 (11261 turns).

juan097 the Peltast (Minotaur Fighter)             Turns: 11261, Time: 00:23:59

Health: -9/94      AC: 10    Str: 25    XL:     11   Next: 86%
Magic:  13/13      EV: 16    Int:  5    God:    Okawaru [******]
Gold:   770        SH: 12    Dex: 10    Spells: 10/10 levels left

rFire   + . .        a - +3 war axe (heavy)
rCold   . . .        c - +0 buckler
rNeg    . . .        B - +2 ring mail {rF+}
rPois   +            (helmet restricted)
rElec   .            (no cloak)
rCorr   .            (no gloves)
SInv    .            u - +1 pair of boots
Will    .....        v - amulet of reflection
Stlth   ++           A - +5 ring of evasion
HPRegen 0.35/turn    D - ring of poison resistance
MPRegen 0.13/turn

%: reflection
@: mighty
A: horns 2, retaliatory headbutt
a: Renounce Religion, Heroism, Finesse, Duel


You were on level 9 of the Dungeon.
You worshipped Okawaru.
Okawaru was exalted by your worship.
You visited 1 branch of the dungeon, and saw 10 of its levels.
You also visited: Bailey.

You collected 770 gold pieces.

Inventory:

Hand Weapons
 a - a +3 heavy war axe (weapon)
 b - a +0 sling
 w - a +1 halberd of venom
 M - a +0 broad axe
Missiles
 m - 25 boomerangs (quivered)
 G - 2 curare-tipped darts
 H - 61 poisoned darts
 I - 4 datura-tipped darts
 K - 8 atropa-tipped darts
 R - 2 javelins
 U - 2 boomerangs of dispersal
Armour
 c - a +0 buckler (worn)
 l - a +0 scale mail
 u - a +1 pair of boots (worn)
 B - a +2 ring mail of fire resistance (worn)
Magical Staves
 O - the staff of cold "Keabipt" {rC+ rCorr Int+3 Dex+4}
   (You found it in a bailey)

   [staff of cold]

   Base accuracy: +5 Base damage: 5 Base attack delay: 1.2 This weapon's minimum
   attack delay (0.6) is reached at skill level 12.
   Int:       It affects your intelligence (+3).
   Dex:       It affects your dexterity (+4).
   rC:        It protects you from cold.
   rCorr:     It protects you from acid and corrosion.
   It falls into the 'Staves' category.
   It is a one-handed weapon.
Jewellery
 v - an amulet of reflection (around neck)
 A - a +5 ring of evasion (left hand)
 D - a ring of poison resistance (right hand)
Wands
 p - a wand of mindburst (25)
 C - a wand of iceblast (1)
 E - a wand of flame (15)
Scrolls
 e - 3 scrolls of enchant weapon {unknown}
 g - a scroll of brand weapon
 k - 3 scrolls of teleportation {unknown}
 q - a scroll of torment
 r - a scroll of amnesia
 s - 3 scrolls of fog {unknown}
 t - 2 scrolls of blinking
 x - a scroll of vulnerability
 y - 3 scrolls of immolation {unknown}
 z - a scroll of magic mapping
 J - a scroll of fear {unknown}
 T - 2 scrolls of identify
Potions
 d - 2 potions of might
 f - 2 potions of flight {unknown}
 h - 2 potions of degeneration {unknown}
 i - 2 potions of haste {unknown}
 j - 2 potions of lignification
 n - a potion of heal wounds
 o - 4 potions of curing
 F - 2 potions of mutation {unknown}
 L - a potion of magic {unknown}
 N - 2 potions of brilliance {unknown}
 Q - 2 potions of attraction {unknown}
 S - a potion of ambrosia {unknown}
Miscellaneous
 P - a lightning rod (4/4)


   Skills:
 - Level 8.0 Fighting
 - Level 12.0 Axes
 - Level 4.0 Throwing
 - Level 6.0 Armour
 - Level 3.0 Dodging
 - Level 4.0 Stealth
 + Level 15.5 Shields
 - Level 4.0 Invocations


You had 10 spell levels left.
You didn't know any spells.
Your spell library contained the following spells:

 Spells                   Type           Power      Damage    Failure   Level
 Apportation              Tloc           0%         N/A       65%         1
 Necrotise                Necr           0%         1d4       65%         1
 Sting                    Tmut/Pois      0%         1d3       65%         1
 Ensorcelled Hibernation  Hex/Ice        0%         N/A       78%         2
 Passwall                 Tmut/Erth      0%         N/A       78%         2
 Poisonous Vapours        Pois/Air       0%         N/A       78%         2
 Inner Flame              Hex/Fire       0%         N/A       95%         3
 Portal Projectile        Hex/Tloc       0%         N/A       95%         3
 Swiftness                Air            0%         N/A       95%         3
 Olgreb's Toxic Radiance  Pois           0%         N/A       100%        4
 Blade Hands              Tmut           0%         N/A       100%        5
 Irradiate                Conj/Tmut      0%         3d11      100%        5
 Yara's Violent Unravell  Hex/Tmut       0%         3d3       100%        5
 Dragon Form              Tmut           0%         N/A       100%        7
 Enfeeble                 Hex            0%         N/A       100%        7
 Summon Small Mammal      Summ           Unusable   N/A       N/A         1
 Tukima's Dance           Hex            Unusable   N/A       N/A         3

Dungeon Overview and Level Annotations

Branches:
Dungeon (10/15)            Temple (0/1) D:7             Orc (0/2) D:9
 Bailey (visited)
   Lair: D:8-11

Altars:
Cheibriados
Elyvilon
Fedhas
Gozag
Hepliaklqana
Kikubaaqudgha
Okawaru
Sif Muna
Trog
Vehumet
Zin
The Shining One

Shops:
D:7 [

Annotations:
D:9 3 runed translucent doors, exclusion: obsidian statue, geeko55's ghost, novice MiFi


Innate Abilities, Weirdness & Mutations

You have a pair of horns on your head.
You reflexively headbutt those who attack you in melee.


Message History

The wind drake exhales a fierce blast of wind!
You are knocked back by the gust of wind.
The purple ugly thing is knocked back by the gust of wind.
Aiming: Iceblast
Press: ? - help, Shift-Dir - straight line The mass of ice explodes!
The iceblast engulfs the wind drake!
The wind drake is lightly wounded.
Unknown command.
Aiming: Iceblast
Press: ? - help, Shift-Dir - straight line The mass of ice explodes!
The iceblast engulfs the purple ugly thing!
You kill the purple ugly thing!
Okawaru is honoured by your kill.
You carefully extract the barbed spikes from your body.
Aiming: Iceblast
Press: ? - help, Shift-Dir - straight line The mass of ice explodes!
The iceblast engulfs the wind drake!
The wind drake is moderately wounded.
You feel like a meek peon again.
The wind drake begins repelling missiles!
Unknown command.
Aiming: Iceblast
Press: ? - help, Shift-Dir - straight line The mass of ice explodes!
The iceblast engulfs the wind drake!
The wind drake is heavily wounded.
The wind drake flaps its wings at you. The air twists around and strikes you!
* * * LOW HITPOINT WARNING * * *
Aiming: Iceblast
Press: ? - help, Shift-Dir - straight line The mass of ice explodes!
The iceblast engulfs the wind drake!
The wind drake is heavily wounded.
The wind drake flaps its wings at you. The air twists around and strikes you!
* * * LOW HITPOINT WARNING * * *
The wind drake exhales a fierce blast of wind!
You are knocked back by the gust of wind.
You slam into the rock wall!
You die... #..............#......[8$...#.#.# ##############.#....8..?..8...#.# # ############..#8...8#...#.# ......([...#...#8#8#....#.# ......#))..# ......#.# ..... #....# ..##...+.# .... #..k.# ..# #...### H.W

#....#
#####...... o.
#[..@#
#...#...... .
#....#
####'###......
#....#
#.............
#...)#
#..####..#..##
####'#
#...#####.....
#8...#
#..##.8∩##....
#....#
#..#....$#....
#....#
#..#8$$$O+....
#....#
#..#∩.8_B+....


You could see a wind drake (repels missiles, catching breath).

Vanquished Creatures
  4 two-headed ogres
  An ugly thing (D:9)
  A manticore (D:9)
  3 kobold demonologists (D:9)
  Psyche (D:10)
  A freezing wraith (D:9)
  A troll (D:9)
  3 wyverns
  2 wraiths (D:10)
  13 yaks
  Eustachio (D:5)
  A steam dragon (D:9)
  4 water moccasins
  A sky beast (D:6)
  12 orc warriors
  2 black bears
  6 ogres
  4 centaurs
  2 phantoms
  3 bullfrogs
  13 kobold brigands
  3 necrophages (D:5)
  A wyvern zombie (D:5)
  4 gnoll sergeants (D:9)
  A water moccasin zombie (D:5)
  14 wights
  9 killer bees
  3 howler monkeys
  2 bullfrog zombies (D:5)
  A centaur zombie (D:5)
  4 hounds
  A human zombie (D:5)
  6 orc priests
  A gnoll bouda (D:9)
  2 jellies
  A sleepcap (D:5)
  4 iguanas
  10 orc wizards
  A killer bee zombie (D:5)
  A hound zombie (D:5)
  2 mummies
  7 adders
  11 gnolls
  2 shadow imps
  A white imp (D:8)
  An ufetubus (D:5)
  4 worms
  5 dart slugs
  32 orcs
  3 endoplasms
  6 giant cockroaches
  9 goblins
  7 hobgoblins
  4 jackals (D:4)
  2 quokkas
  7 ball pythons
  5 bats
  3 frilled lizards
  35 kobolds
  2 rats
296 creatures vanquished.

Vanquished Creatures (others)
  A kobold brigand (Bailey)
1 creature vanquished.

Grand Total: 297 creatures vanquished

Notes
Turn   | Place    | Note
-------+----------+-------------------------------------------
     0 | D:1      | juan097 the Minotaur Fighter began the quest for the Orb.
     0 | D:1      | Reached XP level 1. HP: 19/19 MP: 0/0
   113 | D:1      | Reached XP level 2. HP: 27/27 MP: 1/1
   487 | D:1      | Found a faded altar of an unknown god.
   949 | D:2      | Reached XP level 3. HP: 33/33 MP: 2/2
  1116 | D:2      | Reached skill level 4 in Shields
  1631 | D:3      | Reached skill level 1 in Stealth
  1631 | D:3      | Reached XP level 4. HP: 25/40 MP: 3/3
  1877 | D:3      | Reached XP level 5. HP: 45/46 MP: 4/4
  1939 | D:3      | Found a radiant altar of Vehumet.
  1966 | D:3      | Found a hazy altar of Hepliaklqana.
  2167 | D:3      | Found an iron altar of Okawaru.
  2584 | D:3      | Became a worshipper of Warmaster Okawaru
  2635 | D:4      | Noticed a phantom
  2643 | D:4      | Killed a phantom
  2644 | D:4      | Reached XP level 6. HP: 50/53 MP: 5/5
  2704 | D:4      | Reached skill level 5 in Axes
  2787 | D:4      | Reached skill level 5 in Armour
  2983 | D:4      | Found a snail-covered altar of Cheibriados.
  3167 | D:4      | Reached skill level 5 in Fighting
  3167 | D:4      | Reached skill level 5 in Shields
  3167 | D:4      | Reached XP level 7. HP: 37/61 MP: 6/6
  3691 | D:5      | Entered Level 5 of the Dungeon
  3765 | D:5      | Reached * piety under Okawaru
  3803 | D:5      | Noticed Eustachio
  3937 | D:5      | Killed Eustachio
  3938 | D:5      | Reached skill level 1 in Invocations
  4216 | D:5      | Reached XP level 8. HP: 25/69 MP: 6/8
  4741 | D:5      | Reached ** piety under Okawaru
  4754 | D:5      | Reached skill level 6 in Shields
  4824 | D:5      | Found an ancient bone altar of Kikubaaqudgha.
  5549 | D:6      | Reached XP level 9. HP: 74/78 MP: 10/10
  5999 | D:7      | Found a staircase to the Ecumenical Temple.
  6126 | D:7      | Found Fydar's Armour Boutique.
  6145 | D:7      | Reached skill level 7 in Shields
  6185 | D:7      | Found a flagged portal.
  6207 | D:7      | Reached *** piety under Okawaru
  6442 | Bailey   | Entered a bailey
  6728 | Bailey   | Identified the +0 longbow "Wiyqisua" {freeze, +Blink Will-
                  | rCorr}
  6754 | Bailey   | Reached skill level 10 in Axes
  6872 | Bailey   | Found a burning altar of Makhleb.
  6886 | Bailey   | Identified the staff of cold "Keabipt" {rC+ rCorr Int+3
                  | Dex+4}
  6957 | D:7      | Found a glowing golden altar of the Shining One.
  6957 | D:7      | Found a white marble altar of Elyvilon.
  6957 | D:7      | Found a glowing silver altar of Zin.
  7106 | D:6      | Reached skill level 8 in Shields
  7967 | D:8      | Reached XP level 10. HP: 79/88 MP: 12/12
  7975 | D:8      | Reached **** piety under Okawaru
  8171 | D:8      | Found a blossoming altar of Fedhas.
  8272 | D:8      | Found a shimmering blue altar of Sif Muna.
  8782 | D:8      | Reached skill level 1 in Dodging
  8977 | D:9      | Reached skill level 9 in Shields
  9056 | D:9      | Noticed an obsidian statue
  9131 | D:9      | Found a runed translucent gate.
  9131 | D:9      | Found a runed translucent gate.
  9131 | D:9      | Found an opulent altar of Gozag.
  9131 | D:9      | Found a runed translucent gate.
  9135 | D:9      | Noticed geeko55's ghost (novice MiFi)
  9135 | D:9      | Noticed a centaur warrior
  9135 | D:9      | Noticed a two-headed ogre
  9136 | D:9      | Noticed a boulder beetle
  9281 | D:9      | Noticed a two-headed ogre
  9299 | D:9      | Killed a two-headed ogre
  9299 | D:9      | Reached ***** piety under Okawaru
  9300 | D:9      | Reached skill level 1 in Throwing
  9425 | D:9      | Received a gift from Okawaru
  9436 | D:9      | Received a gift from Okawaru
  9437 | D:9      | Reached skill level 10 in Shields
  9440 | D:9      | Noticed a rust devil
  9534 | D:9      | Found a staircase to the Orcish Mines.
  9538 | D:9      | Reached skill level 11 in Shields
  9538 | D:9      | Reached XP level 11. HP: 94/94 MP: 13/13
 10003 | D:10     | Entered Level 10 of the Dungeon
 10050 | D:10     | Reached skill level 12 in Shields
 10066 | D:10     | Noticed a two-headed ogre
 10075 | D:10     | Killed a two-headed ogre
 10490 | D:10     | Received a gift from Okawaru
 10494 | D:10     | Reached skill level 13 in Shields
 10598 | D:10     | Noticed Psyche
 10605 | D:10     | Killed Psyche
 10626 | D:10     | Noticed a two-headed ogre
 10653 | D:10     | Killed a two-headed ogre
 10660 | D:10     | Reached skill level 14 in Shields
 10820 | D:10     | Found a bloodstained altar of Trog.
 11099 | D:9      | Noticed a two-headed ogre
 11103 | D:9      | Killed a two-headed ogre
 11104 | D:9      | Reached ****** piety under Okawaru
 11230 | D:9      | Received a gift from Okawaru
 11242 | D:9      | Reached skill level 15 in Shields
 11251 | D:9      | Noticed a purple ugly thing
 11258 | D:9      | Killed a purple ugly thing
 11261 | D:9      | Collided with a rock wall

Illustrated notes

Levels and vault maps discovered:
D:1:      evilmike_arrival_come_back, layout_basic, basic_ecumenical_altar,
          minmay_pentomino_s2
D:2:      layout_loops_ring, mrwooster_statue_mirror
D:3:      layout_loops_ring, mainiacjoe_overflow_tiny_flanked,
          mainiacjoe_overflow_small_starburst, marbit_many_paths, st_stairs_9
D:4:      layout_basic, slow_altar_2, grunt_ministairs_7
D:5:      layout_loops_cross, lemuel_mausoleum_altar_kikubaaqudgha,
          minmay_between, uniq_eustachio
D:6:      layout_loops_ring
D:7:      layout_basic, dreamdust_divine_triumvirate, temple_pool_b,
          enter_bailey_5, serial_shops, nicolae_shop_statue_plus
D:8:      layout_basic, kennysheep_little_box, nicolae_sif_muna_little_library,
          minmay_misc_feat_tower
D:9:      minmay_klotski, layout_stronghold,
          kennysheep_orc_monster_closet_entryway, ebering_ghost_gozag,
          minmay_statue_bubble
D:10:     layout_basic, trog_antimagical, minmay_misc_feat_room,
          chequers_serial_rivers_micro_a, uniq_psyche

Skill      XL: |  1  2  3  4  5  6  7  8  9 10 11 |
---------------+----------------------------------+-----
Axes           | 3 4 5 6 8 11 12 | 12.0
Armour         | 4 5 6 |  6.0
Shields        | 4 5 6 8 11 15 | 15.5
Fighting       | 4 5 6 8 |  8.0
Stealth        | 1 2 3 4 |  4.0
Invocations    | 1 3 4 |  4.0
Dodging        | 3 |  3.0
Throwing       | 4 |  4.0

Action                     |  1- 3 |  4- 6 |  7- 9 | 10-12 || total
---------------------------+-------+-------+-------+-------++-------
  Melee: War axe           |    64 |    86 |   341 |   223 ||   714
         Headbutt          |     6 |    11 |    60 |    47 ||   124
         Unarmed           |       |       |     1 |       ||     1
   Fire: Sling             |    12 |    26 |    81 |     6 ||   125
  Throw: Boomerang         |       |     4 |    11 |    36 ||    51
         Dart              |       |       |       |     7 ||     7
 Invoke: Heroism           |       |       |     2 |     1 ||     3
  Evoke: Lightning rod     |       |       |       |     4 ||     4
         Wand              |       |       |       |     5 ||     5
    Use: Potion            |       |       |     7 |     2 ||     9
         Scroll            |       |       |     9 |     2 ||    11
   Stab: Sleeping          |       |       |     1 |       ||     1
 Armour: Scale mail        |    25 |    34 |    87 |       ||   146
         Ring mail         |       |       |    12 |    46 ||    58
         Skin              |       |       |    11 |       ||    11
  Dodge: Dodged            |    26 |    33 |   135 |   124 ||   318
  Block: Buckler           |    18 |    15 |   190 |   121 ||   344
         Reflection        |       |       |    12 |     7 ||    19
